 Dungeon Crawl Stone Soup version 0.23-a0-106-g63f3d0b (webtiles) character file.

8 galech the Skirmisher (level 2, -1/26 HPs)
             Began as a Demonspawn Berserker on Aug 20, 2018.
             Was a Follower of Trog.
             Succumbed to a goblin's poison
             ... on level 1 of the Dungeon.
             The game lasted 00:00:24 (459 turns).

galech the Skirmisher (Demonspawn Berserker)         Turns: 459, Time: 00:00:24

Health: -1/26      AC:  4    Str: 17    XL:     2   Next: 0%
Magic:  2/2        EV: 12    Int:  8    God:    Trog [*.....]
Gold:   0          SH:  0    Dex: 10    Spells: 1/1 levels left

rFire    + . .     SeeInvis .   a - +0 hand axe
rCold    . . .     Gourm    .   (no shield)
rNeg     . . .     Faith    .   b - +0 animal skin
rPois    .         Spirit   .   (no helmet)
rElec    .         Reflect  .   (no cloak)
rCorr    .         Harm     .   e - +0 pair of gloves
MR       .....                  (no boots)
Stlth    +.........             (no amulet)
HPRegen  0.08/turn              (no ring)
MPRegen  0.08/turn              (no ring)

@: lethally poisoned (-1 -> -21), berserk cooldown, slowed, very slow
A: clumsy 1, fire resistance 1, powered by pain 1, robust 1, shaggy fur 1
a: Berserk, Renounce Religion


You were on level 1 of the Dungeon.
You worshipped Trog.
Trog was aware of your devotion.
You were not hungry.

You visited 1 branch of the dungeon, and saw 1 of its levels.

Inventory:

Hand Weapons
 a - a +0 hand axe (weapon)
Armour
 b - a +0 animal skin (worn)
 e - a +0 pair of gloves (worn)
Comestibles
 c - a ration


   Skills:
 + Level 3.2 Fighting
 + Level 2.9 Axes
 + Level 1.8 Armour
 + Level 1.8 Dodging


You had one spell level left.
You didn't know any spells.
Your spell library was empty.

Dungeon Overview and Level Annotations

Branches:
Dungeon (1/15)

Altars:


Innate Abilities, Weirdness & Mutations

You sometimes gain a little power by taking damage.
You are clumsy. (Dex -2)
Your flesh is heat resistant. (rF+)
You are robust. (+10% HP)
You are covered in fur. (AC +1)


Message History

You have reached level 2!
Your demonic ancestry asserts itself...
You feel energised by your suffering.
* * * LOW HITPOINT WARNING * * *
You feel sick.
You are too berserk!
* * * LOW HITPOINT WARNING * * *
You feel sick.
You feel a strong urge to attack something.
* * * LOW HITPOINT WARNING * * *
You feel sick.
You are no longer berserk.
You are exhausted.
You feel yourself slow down.
* * * LOW HITPOINT WARNING * * *
You feel sick.
It was a potion of mutation.
You feel extremely strange.
You feel clumsy. Fur sprouts all over your body.
You feel robust.
You feel resistant to heat.
You die...

.########
........##
#.......#
#..##### #?.....#
##.###.#
#.@)#.###
###.#...# #.###.#
#.###.#########
###..............
.....#...####.##.
.)...............
###..#...####.##.
#...#.##


There were no monsters in sight!

Vanquished Creatures
  A goblin (D:1)
  A hobgoblin (D:1)
  3 jackals (D:1)
  A frilled lizard (D:1)
  A rat (D:1)
7 creatures vanquished.

Notes
Turn   | Place    | Note
-------+----------+-------------------------------------------
     0 | D:1      | galech the Demonspawn Berserker began the quest for the Orb.
     0 | D:1      | Reached XP level 1. HP: 18/18 MP: 1/1
   455 | D:1      | Gained mutation: You sometimes gain a little power by taking damage. [demonic ancestry]
   455 | D:1      | Reached XP level 2. HP: 8/24 MP: 2/2
   459 | D:1      | Gained mutation: You are clumsy. (Dex -2) [potion of mutation]
   459 | D:1      | Gained mutation: You are covered in fur. (AC +1) [potion of mutation]
   459 | D:1      | Gained mutation: You are robust. (+10% HP) [potion of mutation]
   459 | D:1      | Gained mutation: Your flesh is heat resistant. (rF+) [potion of mutation]
   459 | D:1      | Succumbed to a goblin's poison

Vault maps used:
D:1:      dpeg_arrival_simpleton_b

Action                   || total
-------------------------++-------
Melee: Hand axe          ||    19
Invok: Berserk           ||     2
  Use: Potion            ||     1
 Stab: Sleeping          ||     1
Armor: Animal skin       ||     3
Dodge: Dodged            ||    14

Table legend:
 A = Non-vault XP
 B = Vault XP
 C = Vault XP percentage of total XP
 D = Non-vault monster count
 E = Vault monster count
 F = Vault count percentage of total count
                 A         B        C        D         E       F
            +---------+---------+-------+---------+---------+-------
      Total |      12 |       0 |   0.0 |       7 |       0 |   0.0
            +---------+---------+-------+---------+---------+-------
        D:1 |      12 |       0 |   0.0 |       7 |       0 |   0.0
            +---------+---------+-------+---------+---------+-------
